 Dungeon Crawl Stone Soup version 0.30-a0-170-g85af917532 (webtiles) character file.

Game seed: 11051677008913040008

396 qw the Shield-Bearer (level 6, -4/37 HPs)
             Began as a Gargoyle Fighter on Sept 30, 2022.
             Slain by Duvessa
             ... wielding a +0 short sword
              (9 damage)
             ... on level 4 of the Dungeon.
             The game lasted 00:01:29 (4415 turns).

qw the Shield-Bearer (Gargoyle Fighter)             Turns: 4415, Time: 00:01:30

Health: -4/37      AC: 13    Str: 21      XL:     6   Next: 82%
Magic:  6/6        EV:  8    Int:  8 (9)  God:
Gold:   372        SH: 14    Dex: 12 (13) Spells: 5/5 levels left

rFire   + . .      SeeInvis .    Y - +0 war axe
rCold   . . .      Faith    .    a - +0 kite shield
rNeg    + + .      Spirit   .    o - +2 scale mail {rPois}
rPois   inf        Reflect  +    (no helmet)
rElec   +          Harm     .    (no cloak)
rCorr   .          Rampage  .    (no gloves)
Will    .....                    (no boots)
Stlth   ..........               u - amulet of reflection
HPRegen 0.12/turn                l - ring of positive energy
MPRegen 0.10/turn                b - ring of Uskayaw's Supremacy {rElec rF+ Dex+4}

@: no status effects
A: sickness immunity, AC +4, negative energy resistance 1, electricity
resistance, torment resistance 1, petrification resistance
a: no special abilities


You were on level 4 of the Dungeon.
You visited 1 branch of the dungeon, and saw 4 of its levels.

You collected 372 gold pieces.


Innate Abilities, Weirdness & Mutations

You are immune to sickness and miasma.
Your stone body is resilient. (AC +4)
You are immune to poison.
You resist negative energy. (rN+)
You are resistant to electric shocks. (rElec)
You are resistant to unholy torment.
You are immune to petrification.


   Skills:
 + Level 3.2 Fighting
 - Level 5.0 Axes
 - Level 3.2 Armour
 - Level 1.7 Dodging
 - Level 5.1 Shields


You had 5 spell levels left.
You didn't know any spells.
Your spell library was empty.

Inventory:

Hand Weapons
 m - a +0 flail
 Y - a +0 war axe (weapon)
Missiles
 f - 4 boomerangs (quivered)
Armour
 a - a +0 kite shield (worn)
 o - a +2 scale mail of poison resistance (worn)
 p - the +2 helmet of Dajifeg {rPois Dex+4}
   (You found it on level 4 of the Dungeon)

   Dex:       It affects your dexterity (+4).
   rPois:     It protects you from poison.
Jewellery
 b - the ring of Uskayaw's Supremacy (right hand) {rElec rF+ Dex+4}
   (You acquired it on level 3 of the Dungeon)

   [ring of protection from fire]

   Dex:       It affects your dexterity (+4).
   rF:        It protects you from fire.
   rElec:     It insulates you from electricity.
 i - a ring of ice
 j - a ring of fire
 l - a ring of positive energy (left hand)
 u - an amulet of reflection (around neck)
Scrolls
 n - a scroll of immolation {unknown}
 q - 2 scrolls of identify
Potions
 c - 3 potions of attraction
 d - a potion of might
 e - a potion of lignification {unknown}
 g - a potion of haste {unknown}
 h - 2 potions of heal wounds {unknown}
 k - 3 potions of curing
 s - a potion of brilliance {unknown}
 t - a potion of berserk rage {unknown}

Dungeon Overview and Level Annotations

Branches:
Dungeon (4/15)
 Temple: D:4-7

Altars:
Vehumet

Shops:
D:2 [

Annotations:
D:4 Duvessa


Message History

Dowan casts a spell at you. You resist with some effort.
Duvessa hits you but does no damage. Dowan gestures at you while chanting.
The puff of flame hits you but does no damage.
You slash Dowan!
You kill Dowan!
Duvessa weeps, and shakes her weapon.
Duvessa goes berserk!
You hit Duvessa but do no damage. Duvessa completely misses you.
You block Duvessa's attack.
You feel your dexterity returning.
Your Axes skill increases to level 5!
You hit Duvessa but do no damage.
Duvessa is heavily wounded.
Duvessa hits you with a +0 short sword. You block Duvessa's attack.
You slash Duvessa!
Duvessa is heavily wounded.
Duvessa hits you with a +0 short sword. x2
You barely miss Duvessa.
Duvessa is heavily wounded.
You block Duvessa's attack. Duvessa hits you but does no damage.
You hit Duvessa but do no damage.
Duvessa is heavily wounded.
You block Duvessa's attack. x2
You slash Duvessa!
Duvessa is severely wounded.
You block Duvessa's attack. x2
You barely miss Duvessa.
Duvessa is severely wounded.
Duvessa hits you but does no damage. You block Duvessa's attack.
You hit Duvessa.
Duvessa is severely wounded.
Duvessa hits you with a +0 short sword! Duvessa hits you but does no damage.
You completely miss Duvessa.
Duvessa is severely wounded.
You block Duvessa's attack. Duvessa closely misses you.
Duvessa hits you with a +0 short sword.
You slash Duvessa!
Duvessa is almost dead.
You block Duvessa's attack. Duvessa hits you with a +0 short sword!
You die...

##### #.(...#...
#....## #.....#...
#..... #.....#...
#....######....#...
#....##..##....#...
#....##..##....##..
#....#...##>...##..
#)...'...#.....#...
#e@..#...).....'...
##'####..####'###..
#... ##..####..##..
#!...#......#...#..
#....#......#...#..
#...##.....##...#..
#...##.....##...#..
######.....#....#..
#......##..##..


You could see Duvessa (berserk).

Vanquished Creatures
  An ogre (D:4)
  A scorpion (D:4)
  Dowan (D:4)
  A hound (D:4)
  Terence (D:2)
  3 gnolls (D:2)
  2 adders
  An ufetubus (D:4)
  2 dart slugs
  An orc (D:4)
  10 ball pythons
  6 bats
  9 endoplasms
  6 giant cockroaches
  6 goblins
  9 hobgoblins
  4 jackals (D:2)
  7 quokkas
  3 frilled lizards
  12 kobolds
  3 rats
89 creatures vanquished.

Notes
Turn   | Place    | Note
-------+----------+-------------------------------------------
     0 | D:1      | qw the Gargoyle Fighter began the quest for the Orb.
     0 | D:1      | Reached XP level 1. HP: 14/14 MP: 1/1
     0 | D:1      | 0 ||| qw: Version: 0.2-a-12-gaebbb33
     0 | D:1      | 0 ||| qw: Game counter: 1470
     0 | D:1      | 0 ||| qw: Always use a shield: true
     0 | D:1      | 0 ||| qw: God list: Okawaru
     0 | D:1      | 0 ||| qw: Allow faded altars: false
     0 | D:1      | 0 ||| qw: Do Orc after D:15 true
     0 | D:1      | 0 ||| qw: Do second Lair branch before Depths: true
     0 | D:1      | 0 ||| qw: Lair rune preference: random
     0 | D:1      | 0 ||| qw: Plans: Normal, Zot:1-4, God:TSO, Crypt, Tomb,
                  | Pan, Slime:5, Hells, Abyss, Orb
     0 | D:1      | 0 ||| PLANNING D:1-11
   154 | D:1      | Reached XP level 2. HP: 16/19 MP: 2/2
   193 | D:1      | 193 ||| DROPPING +0 club.
   357 | D:1      | 357 ||| Stepping ~*~*~tactically~*~*~ (stealth).
   372 | D:1      | 372 ||| Stepping ~*~*~tactically~*~*~ (stealth).
   388 | D:1      | 388 ||| Stepping ~*~*~tactically~*~*~ (stealth).
   389 | D:1      | 389 ||| Stepping ~*~*~tactically~*~*~ (stealth).
   390 | D:1      | 390 ||| Stepping ~*~*~tactically~*~*~ (stealth).
   477 | D:1      | 477 ||| Stepping ~*~*~tactically~*~*~ (stealth).
   480 | D:1      | 480 ||| Stepping ~*~*~tactically~*~*~ (stealth).
   484 | D:1      | 484 ||| Stepping ~*~*~tactically~*~*~ (stealth).
   485 | D:1      | 485 ||| Stepping ~*~*~tactically~*~*~ (stealth).
   490 | D:1      | Reached skill level 3 in Axes
   504 | D:1      | Reached XP level 3. HP: 23/23 MP: 3/3
   651 | D:1      | 651 ||| Stepping ~*~*~tactically~*~*~ (stealth).
   652 | D:1      | 652 ||| Stepping ~*~*~tactically~*~*~ (stealth).
   860 | D:1      | 860 ||| UPGRADING to ring of positive energy.
   861 | D:1      | 861 ||| READING 2 scrolls labelled LOWNEF XOZED.
   862 | D:1      | 862 ||| READING scroll labelled ZUZACY WAEZA.
   863 | D:1      | 863 ||| READING scroll labelled PALEX FADAINT.
   917 | D:1      | 917 ||| READING scroll labelled VIMIME AMIPOLI.
   918 | D:1      | 918 ||| READING scroll labelled URULIU XENA.
   919 | D:1      | 919 ||| DROPPING scroll of noise.
  1045 | D:2      | Found the Hermit's Pendant {Faith Invo=14 Evo=0 MP+5}
  1140 | D:2      | 1140 ||| Stepping ~*~*~tactically~*~*~ (stealth).
  1146 | D:2      | 1146 ||| Stepping ~*~*~tactically~*~*~ (stealth).
  1147 | D:2      | 1147 ||| Stepping ~*~*~tactically~*~*~ (stealth).
  1158 | D:2      | Reached XP level 4. HP: 20/28 MP: 4/4
  1246 | D:2      | 1246 ||| DROPPING +0 whip.
  1269 | D:2      | 1269 ||| Stepping ~*~*~tactically~*~*~ (stealth).
  1433 | D:2      | 1433 ||| Stepping ~*~*~tactically~*~*~ (stealth).
  1780 | D:2      | Noticed Terence
  1795 | D:2      | Killed Terence
  2149 | D:2      | Reached XP level 5. HP: 23/32 MP: 5/5
  2398 | D:2      | Found Olossif's Antique Armour Shoppe.
  2403 | D:2      | 2403 ||| SHOPLISTING +18 shield of the Gong {rElec rN+
                  | Will+ EV-5} (1946 gold, have 134).
  2574 | D:2      | 2574 ||| UPGRADING to +0 kite shield.
  2584 | D:2      | 2584 ||| DROPPING +0 buckler.
  2585 | D:2      | 2585 ||| UPGRADING to +2 scale mail of poison resistance.
  2595 | D:2      | 2595 ||| DROPPING +0 scale mail.
  2596 | D:2      | 2596 ||| READING scroll labelled VOEWNI COEPEONER.
  2599 | D:2      | 2599 ||| DRINKING 2 yellow potions.
  2718 | D:3      | Found a faded altar of an unknown god.
  2855 | D:3      | 2855 ||| Stepping ~*~*~tactically~*~*~ (stealth).
  2856 | D:3      | 2856 ||| Stepping ~*~*~tactically~*~*~ (stealth).
  2950 | D:3      | 2950 ||| Stepping ~*~*~tactically~*~*~ (stealth).
  2952 | D:3      | 2952 ||| Stepping ~*~*~tactically~*~*~ (stealth).
  3474 | D:3      | 3474 ||| UPGRADING to amulet of reflection.
  3479 | D:3      | 3479 ||| DROPPING ring of flight.
  3480 | D:3      | 3480 ||| READING scroll labelled CAZEAG QAZIYR.
  3480 | D:3      | Identified a scroll of acquirement
  3480 | D:3      | 3480 ||| ACQUIRING ring of Uskayaw's Supremacy {rElec rF+
                  | Dex+4}
  3480 | D:3      | Acquired the ring of Uskayaw's Supremacy {rElec rF+ Dex+4}
  3482 | D:3      | 3482 ||| UPGRADING to ring of Uskayaw's Supremacy {rElec
                  | rF+ Dex+4}.
  3483 | D:3      | 3483 ||| READING scroll labelled YNIWNA RITUSIH.
  3484 | D:3      | 3484 ||| DRINKING 3 murky puce potions.
  3485 | D:3      | 3485 ||| READING 2 scrolls of identify.
  3485 | D:3      | 3485 ||| IDENTIFYING pink potion
  3486 | D:3      | 3486 ||| DROPPING 2 potions of degeneration.
  3580 | D:4      | Found a radiant altar of Vehumet.
  3847 | D:4      | 3847 ||| Stepping ~*~*~tactically~*~*~ (stealth).
  3854 | D:4      | Reached XP level 6. HP: 37/37 MP: 6/6
  3945 | D:4      | 3945 ||| Stepping ~*~*~tactically~*~*~ (hiding).
  4051 | D:4      | Identified the +2 helmet of Dajifeg {rPois Dex+4}
  4053 | D:4      | 4053 ||| Stepping ~*~*~tactically~*~*~ (stealth).
  4060 | D:4      | Reached skill level 1 in Dodging
  4081 | D:4      | 4081 ||| Stepping ~*~*~tactically~*~*~ (stealth).
  4082 | D:4      | 4082 ||| Stepping ~*~*~tactically~*~*~ (stealth).
  4083 | D:4      | 4083 ||| Stepping ~*~*~tactically~*~*~ (stealth).
  4110 | D:4      | 4110 ||| FLEEEEING.
  4111 | D:4      | 4111 ||| FLEEEEING.
  4112 | D:4      | 4112 ||| FLEEEEING.
  4113 | D:4      | 4113 ||| FLEEEEING.
  4114 | D:4      | 4114 ||| FLEEEEING.
  4115 | D:4      | 4115 ||| FLEEEEING.
  4116 | D:4      | 4116 ||| FLEEEEING.
  4117 | D:4      | 4117 ||| FLEEEEING.
  4119 | D:4      | 4119 ||| FLEEEEING.
  4120 | D:4      | 4120 ||| FLEEEEING.
  4122 | D:4      | 4122 ||| FLEEEEING.
  4153 | D:4      | 4153 ||| Stepping ~*~*~tactically~*~*~ (stealth).
  4162 | D:4      | 4162 ||| Stepping ~*~*~tactically~*~*~ (stealth).
  4163 | D:4      | 4163 ||| Stepping ~*~*~tactically~*~*~ (stealth).
  4164 | D:4      | 4164 ||| Stepping ~*~*~tactically~*~*~ (stealth).
  4172 | D:4      | 4172 ||| FLEEEEING.
  4392 | D:4      | Noticed Dowan
  4393 | D:4      | Noticed Duvessa
  4406 | D:4      | Killed Dowan
  4414 | D:4      | HP: 5/37 [Duvessa/+0 short sword (5)]
  4415 | D:4      | Slain by Duvessa

Levels and vault maps discovered:
D:1:      minmay_arrival_stone_box, layout_rooms
D:2:      minmay_razor_zed, layout_loops_ring, serial_shops, shop, uniq_terence
D:3:      layout_basic, chequers_ecumenical_altar_island, minmay_cupped
D:4:      layout_gridville, vehumet_crystals, serial_bayou_pond_e, uniq_duvessa

Skill      XL: |  1  2  3  4  5  6 |
---------------+-------------------+-----
Axes           | 2 3 4 5 |  5.0
Shields        | 4 5 |  5.1
Dodging        | 1 |  1.7
Fighting       | |  3.2
Armour         | |  3.2

Action                   |  1- 3 |  4- 6 || total
-------------------------+-------+-------++-------
Melee: War axe           |    75 |   195 ||   270
Throw: Boomerang         |    23 |    49 ||    72
  Use: Scroll            |     5 |     4 ||     9
       Potion            |       |     2 ||     2
Armor: Scale mail        |    30 |    76 ||   106
Dodge: Dodged            |    30 |    70 ||   100
Block: Buckler           |    13 |    11 ||    24
       Kite shield       |       |    74 ||    74

Table legend:
 A = Non-vault XP
 B = Vault XP
 C = Vault XP percentage of total XP
 D = Non-vault monster count
 E = Vault monster count
 F = Vault count percentage of total count
                 A         B        C        D         E       F
            +---------+---------+-------+---------+---------+-------
      Total |     426 |     140 |  24.7 |      72 |      17 |  19.1
            +---------+---------+-------+---------+---------+-------
        D:1 |      42 |       0 |   0.0 |      24 |       0 |   0.0
        D:2 |      72 |      66 |  47.8 |      20 |      13 |  39.4
        D:3 |      31 |       5 |  13.9 |      11 |       3 |  21.4
        D:4 |     281 |      69 |  19.7 |      17 |       1 |   5.6
            +---------+---------+-------+---------+---------+-------
